 Dungeon Crawl Stone Soup version 0.29.1-2-gbd0b4ee654 (webtiles) character file.

Game seed: 796116601607317607

57 LustLizard the Shooter (level 3, 0/18 HPs)
             Began as a Spriggan Hunter on Oct 26, 2022.
             Succumbed to an adder's poison
             ... on level 3 of the Dungeon.
             The game lasted 00:01:33 (1530 turns).

LustLizard the Shooter (Spriggan Hunter)            Turns: 1530, Time: 00:01:33

Health: 0/18       AC:  2    Str:  7    XL:     3   Next: 73%
Magic:  4/4        EV: 18    Int: 10    God:
Gold:   118        SH:  0    Dex: 20    Spells: 2/2 levels left

rFire   . . .      SeeInvis +   a - +0 shortbow
rCold   . . .      Faith    .   (shield currently unavailable)
rNeg    . . .      Spirit   .   c - +0 robe
rPois   .          Reflect  .   (helmet restricted)
rElec   .          Harm     .   (no cloak)
rCorr   .          Rampage  .   (gloves unavailable)
Will    .....                   (boots unavailable)
Stlth   +++.......              (no amulet)
HPRegen 0.06/turn               (no ring)
MPRegen 0.09/turn               (no ring)

@: lethally poisoned (0 -> -4), very quick
A: very small, no large weapons, unfitting armour, see invisible, speed 3
a: no special abilities


You were on level 3 of the Dungeon.
You visited 1 branch of the dungeon, and saw 3 of its levels.

You collected 118 gold pieces.

Inventory:

Hand Weapons
 a - a +0 shortbow (weapon)
Missiles
 k - a throwing net
Armour
 c - a +0 robe (worn)
Jewellery
 e - a ring of poison resistance
Scrolls
 b - 2 scrolls of immolation
 d - a scroll of poison {unknown}
 h - 2 scrolls of enchant armour {unknown}
 l - a scroll of amnesia {unknown}
 n - 2 scrolls of enchant weapon {unknown}
 o - a scroll of fear {unknown}
 p - a scroll of identify {unknown}
Potions
 f - a potion of curing {unknown}
 g - a potion of haste {unknown}
 i - a potion of invisibility {unknown}
 j - 2 potions of lignification {unknown}
 m - 3 potions of brilliance {unknown}
 q - a potion of might {unknown}


   Skills:
 + Level 2.1 Fighting
 * Level 4.8 Ranged Weapons
 - Level 2.6 Dodging
 + Level 3.2 Stealth


You had 2 spell levels left.
You didn't know any spells.
Your spell library contained the following spells:

 Spells                   Type           Power      Damage    Failure   Level
 Sublimation of Blood     Necr           0%         N/A       50%         2
 Wereblood                Tmut           0%         N/A       50%         2
 Portal Projectile        Hex/Tloc       0%         N/A       75%         3
 Tukima's Dance           Hex            0%         N/A       75%         3
 Blade Hands              Tmut           0%         N/A       100%        5
 Summon Hydra             Summ           0%         N/A       100%        7


Dungeon Overview and Level Annotations

Branches:
Dungeon (3/15)

Altars:
Gozag
Nemelex Xobeh
Vehumet

Annotations:
D:3 Jessica


Innate Abilities, Weirdness & Mutations

You are very small and have problems with some larger weapons.
You are too small for most types of armour.
You have supernaturally acute eyesight. (SInv)
You cover ground extremely quickly. (Speed+++)


Message History

No target in view!
Found a stone staircase leading down.
A goblin and an adder come into view.
There are monsters nearby!
You shoot an arrow. The arrow hits the goblin.
You kill the goblin!
You hear an angry hiss.
An adder comes into view.
You shoot an arrow. The arrow barely misses the adder.
The adder misses you.
You shoot an arrow.
The arrow hits the adder but does no damage.
The adder misses you.
You shoot an arrow. The arrow completely misses the adder.
Jessica shouts!
You shoot an arrow. The arrow misses the adder.
The adder bites you.
You are poisoned.
The adder poisons you!
You shoot an arrow. The arrow hits the adder!
The adder is almost dead.
You feel sick. The adder bites you. The adder closely misses you.
The adder bites you.
You are more poisoned.
The adder poisons you!
Really attack while wielding your +0 shortbow?
Okay, then.
Unknown command.
You shoot an arrow.
The arrow hits the adder but does no damage.
The adder is almost dead.
You feel sick. The adder barely misses you. The adder misses you.
Jessica misses you. The adder bites you but does no damage.
The adder closely misses you.
You shoot an arrow. The arrow hits the adder!
You kill the adder!
You feel sick. Jessica hits you with a +0 dagger!
* * * LOW HITPOINT WARNING * * *
The adder bites you.
* * * LOW HITPOINT WARNING * * *
You are too injured to fight recklessly!
You die...

#.###...#..#...#####
#.##.###............
##.#.#####..#....>#
............^.....#####..
##.#.##.##..............#
##<##.#.#..##<.##.#####.#
...........##..##.#
##.####.#####.@##.## ##.#
#....#####.@.†# ...#
#>..##...##S..# ####
#.###..⌠..###.# #
#.##.......##.# .##
######..#..._...##.## )..#.
........'.8...8.#...#......
######.##..._...#.#........
######.##.......#..(#>....#
....##.###..⌠..###.###...#.


You could see an adder and Jessica.

Vanquished Creatures
  An adder (D:3)
  A dart slug (D:1)
  6 ball pythons
  5 bats
  An endoplasm (D:1)
  A giant cockroach (D:1)
  5 goblins
  2 hobgoblins (D:1)
  7 jackals (D:2)
  A quokka (D:2)
  4 frilled lizards
  6 kobolds
  A rat (D:2)
41 creatures vanquished.

Notes
Turn   | Place    | Note
-------+----------+-------------------------------------------
     0 | D:1      | LustLizard the Spriggan Hunter began the quest for the Orb.
     0 | D:1      | Reached XP level 1. HP: 10/10 MP: 2/2
    61 | D:1      | Reached XP level 2. HP: 15/15 MP: 3/3
   927 | D:2      | Reached XP level 3. HP: 18/18 MP: 4/4
  1334 | D:2      | Found a radiant altar of Vehumet.
  1466 | D:3      | Found a sparkling altar of Nemelex Xobeh.
  1466 | D:3      | Found an opulent altar of Gozag.
  1499 | D:3      | Noticed Jessica
  1530 | D:3      | Succumbed to an adder's poison

Illustrated notes

Levels and vault maps discovered:
D:1:      dpeg_arrival_shrine, layout_rooms, st_stairs_8, kennysheep_doodads
D:2:      layout_loops_cross, basic_altar, grunt_decor_arrowhead
D:3:      layout_loops_ring, grunt_temple_overflow_opulence,
          basic_ecumenical_altar, uniq_crazy_yiuf_cottage, uniq_sigmund,
          uniq_jessica

Skill      XL: |  1  2  3 |
---------------+----------+-----
Stealth        | 2 3 |  3.2
Fighting       | 2 |  2.1
Ranged Weapons | |  4.8
Dodging        | |  2.6

Action                   || total
-------------------------++-------
 Fire: Shortbow          ||    97
Armor: Robe              ||     4
Dodge: Dodged            ||    68
